 Dungeon Crawl Stone Soup version 0.29-a0-409-gd843f3a48c (webtiles) character file.

Game seed: 12218190121217581018

39519 avis the Severer (level 14, -15/140 HPs)
             Began as a Hill Orc Monk on May 13, 2022.
             Was the Champion of Beogh.
             Demolished by an orc warlord
             ... wielding a +0 halberd
              (22 damage)
             ... on level 1 of the Orcish Mines on May 14, 2022.
             The game lasted 03:03:00 (26543 turns).

avis the Severer (Hill Orc Monk)                   Turns: 26543, Time: 03:03:01

Health: -15/140    AC: 12    Str: 27    XL:     14   Next: 6%
Magic:  20/20      EV:  8    Int: 15    God:    Beogh [******]
Gold:   3189       SH: 10    Dex: 13    Spells: 13/13 levels left

rFire   + + .      SeeInvis .   a - +3 broad axe (venom)
rCold   x . .      Faith    +   N - +0 tower shield
rNeg    . . .      Spirit   .   K - +2 ring mail of Lucidity {rF+ Str+4 Int+3}
rPois   .          Reflect  .   (no helmet)
rElec   .          Harm     .   A - +0 cloak
rCorr   .          Rampage  .   q - +0 pair of gloves
Will    +....                   J - +1 pair of boots
Stlth   +.........              B - amulet of faith
HPRegen 0.33/turn               W - ring "Roreilan" {Fire Slay+3}
MPRegen 0.17/turn               I - +6 ring of strength

@: recalling
A: walk on water
a: Renounce Religion, Smiting, Stop Recall, Give Item to Named Follower,
Resurrection


You were on level 1 of the Orcish Mines.
You worshipped Beogh.
Beogh was exalted by your worship.
You visited 4 branches of the dungeon, and saw 18 of its levels.
You also visited: Bailey, Gauntlet and Volcano.

You collected 3286 gold pieces.
You spent 97 gold pieces at shops.

Inventory:

Hand Weapons
 a - a +3 broad axe of venom (weapon)
 b - the +3 morningstar "Kisaesh" {flame, rC+ Str+4 Dex+2}
   (You found it in a volcano)

   It burns those it strikes, dealing additional fire damage.
   Str:       It affects your strength (+4).
   Dex:       It affects your dexterity (+2).
   rC:        It protects you from cold.
 j - a +0 trident
 w - a +1 fustibalus of flaming
Armour
 e - a +2 robe
 n - a +0 plate armour
 q - a +0 pair of gloves (worn)
 A - a +0 cloak (worn)
 J - a +1 pair of boots (worn)
 K - the +2 ring mail of Lucidity (worn) {rF+ Str+4 Int+3}
   (You found it on level 5 of the Dungeon)

   Str:       It affects your strength (+4).
   Int:       It affects your intelligence (+3).
   rF:        It protects you from fire.
 N - a +0 tower shield (worn)
Jewellery
 r - the ring of Morph {rCorr Dex+4}
   (You found it on level 1 of the Orcish Mines)

   [ring of resist corrosion]

   Dex:       It affects your dexterity (+4).
   rCorr:     It protects you from acid and corrosion.
 B - an amulet of faith (around neck)
 E - a ring of flight
 I - a +6 ring of strength (right hand)
 W - the ring "Roreilan" (left hand) {Fire Slay+3}
   (You found it on level 8 of the Dungeon)

   [ring of fire]

   It enhances your fire magic.
   Slay:      It affects your accuracy & damage with ranged weapons and melee
   (+3).
   rF:        It protects you from fire.
   rC:        It makes you vulnerable to cold.
Wands
 c - a wand of flame (7)
 i - a wand of digging (2)
 P - a wand of polymorph (5)
 R - a wand of paralysis (5)
Scrolls
 d - a scroll of enchant armour
 g - a scroll of fear
 h - a scroll of silence {unknown}
 k - 3 scrolls of teleportation
 o - a scroll of blinking
 s - a scroll of amnesia
 v - 2 scrolls of summoning
Potions
 f - a potion of might
 l - a potion of haste
 m - 2 potions of magic
 x - a potion of cancellation
 z - a potion of lignification
 G - 5 potions of resistance
 V - a potion of flight
 X - a potion of invisibility
Miscellaneous
 p - a phial of floods
 C - a phantom mirror
 U - a box of beasts


   Skills:
 + Level 17.2 Fighting
 - Level 19.3(20.0) Axes
 - Level 7.7(13.1) Maces & Flails
 - Level 5.0 Armour
 - Level 5.0 Dodging
 - Level 1.5 Stealth
 * Level 9.1 Invocations


You had 13 spell levels left.
You didn't know any spells.
Your spell library contained the following spells:

 Spells                   Type           Power      Damage    Failure   Level
 Animate Skeleton         Necr           0%         N/A       100%        1
 Apportation              Tloc           0%         N/A       100%        1
 Magic Dart               Conj           0%         1d3       100%        1
 Pain                     Necr           0%         1d4       100%        1
 Shock                    Conj/Air       0%         1d3       100%        1
 Summon Small Mammal      Summ           0%         N/A       100%        1
 Call Imp                 Summ           0%         N/A       100%        2
 Corpse Rot               Necr/Air       0%         N/A       100%        2
 Confusing Touch          Hex            0%         N/A       100%        3
 Dazzling Flash           Conj/Hex       0%         N/A       100%        3
 Mephitic Cloud           Conj/Pois/Air  0%         N/A       100%        3
 Swiftness                Air            0%         N/A       100%        3
 Airstrike                Air            0%         N/A       100%        4
 Ice Form                 Ice/Tmut       0%         N/A       100%        4
 Agony                    Necr           0%         N/A       100%        5
 Silence                  Hex/Air        0%         N/A       100%        5
 Summon Forest            Summ/Tloc      0%         N/A       100%        5
 Summon Mana Viper        Hex/Summ       0%         N/A       100%        5
 Yara's Violent Unravell  Hex/Tmut       0%         3d3       100%        5
 Summon Cactus Giant      Summ           0%         N/A       100%        6
 Enfeeble                 Hex            0%         N/A       100%        7


Dungeon Overview and Level Annotations

Branches:
Dungeon (11/15)            Temple (1/1) D:6            Lair (4/6) D:9
 Shoals (0/4) Lair:3        Snake (0/4) Lair:3          Orc (2/2) D:11
 Bailey (visited)         Volcano (visited)         Gauntlet (visited)
    Elf: Orc:2

Altars:
Dithmenos
Makhleb
Okawaru
Beogh

Shops:
D:9 =((   Orc:1 ((:   Orc:2 *

Annotations:
Lair:1 1 runed translucent door, Rucothra's ghost, journeyman DjFE


Message History

Your orc hits the orc knight but does no damage.
Your orc barely misses the orc.
You block the orc's attack. The orc knight closely misses you.
Things that are here:
a +0 dagger; a +0 robe; an orc corpse You slash the orc knight!
The orc knight looks as sick as possible!
The orc knight is moderately wounded.
You hit the orc but do no damage.
The orc is poisoned.
Your orc warrior is recalled.
Your orc priest no longer looks unusually strong.
Your orc hits the orc knight but does no damage.
Your orc warlord roars a battlecry!
Your orcs go into a battle-frenzy!
Your orc hits the orc with a +0 club.
Your orc barely misses the orc knight.
The orc knight hits you with a +0 vorpal long sword.
* * * LOW HITPOINT WARNING * * *
x2 The troll bites your orc!
Your orc dies!
You block the orc warlord's attack.
Your orc knight barely misses the troll.
Your orc priest invokes the aid of Beogh against the orc knight.
The orc knight is smitten.
You slice the troll!!
The troll looks as sick as possible!
The troll is heavily wounded.
You slash the orc knight!
The orc knight looks as sick as possible!
Orik is recalled.
Your orc wizard is recalled.
Your orc is recalled.
Your orc warlord no longer looks unusually strong.
Your orc misses the orc knight.
Your orc warlord roars a battlecry!
Your orcs go into a battle-frenzy!
Your orc barely misses the orc knight.
The troll bites your orc warrior! The troll claws your orc warrior.
The troll claws your orc warrior but does no damage.
The orc knight hits you with a +0 vorpal long sword!
* * * LOW HITPOINT WARNING * * *
x2 The orc warlord hits you from afar with a +0 halberd!!
You die...
Beogh appreciates the orc warlord's killing of a heretic priest.

#........#.......#
#........)...o...##
#........#.))o.....
#...######)))ooo.oo
#..##...o))......#)
#(##..o)oo))$...##
###o.ooooT......#
#..oooToToo.....#
#.ooo@ooo#oo)...#
#..oooo.###)....#
#.ooooooo#.......
#....o......
##...........
##......####
##....## ##++##
............


You could see 2 orc warlords, an orc knight (strong, extremely poisoned, ally
target), 3 trolls, 4 orc warriors, an orc wizard (strong), 2 orcs, a friendly
orc warlord, a friendly orc knight (strong), the friendly Bogfrid the orc knight
(strong), the friendly Garbold the orc knight (strong), 6 friendly orc warriors,
the friendly Orik the orc warrior (strong), a friendly orc priest (strong), 2
friendly orc wizards and 9 friendly orcs.

Vanquished Creatures
  A stone giant (Orc:2)
  A minotaur (Gauntlet)
  An ettin (Orc:2)
  Erica (D:8)
  A hydra (Lair:1)
  2 two-headed ogres
  3 thrashing horrors (Gauntlet)
  A hell knight (Volcano)
  2 death yaks (Lair:2)
  The ghost of Psyclone the Frost Mage, a novice OpIE (D:8)
  2 orc knights
  An orc sorcerer (Orc:1)
  An ugly thing (Volcano)
  2 cyclopes (Orc:1)
  A manticore (Lair:3)
  An elephant (Lair:4)
  A rust devil (Gauntlet)
  A smoke demon (Volcano)
  2 molten gargoyles (Volcano)
  Joseph (D:7)
  2 black mambas
  2 cane toads (Lair:3)
  Maggie (D:9)
  An unseen horror (D:11)
  2 komodo dragons (Lair:3)
  6 trolls
  5 slime creatures (D:7)
  A polar bear (Lair:4)
  A wind drake (Lair:3)
  Prince Ribbit (D:6)
  3 dream sheep (Lair:4)
  Sigmund (D:2)
  Eustachio (D:6)
  4 wyverns
  6 yaks
  A ynoxinul (Gauntlet)
  4 steam dragons
  Grum (D:7)
  A vampire mosquito (D:11)
  A warg (Orc:1)
  3 acid dragons
  3 nagas (Lair:3)
  11 water moccasins
  3 hell hounds (Volcano)
  3 ice beasts
  3 orc warriors
  A sky beast (D:6)
  13 wolves
  8 ogres
  6 centaurs
  A phantom (D:7)
  2 kobold brigands (D:8)
  8 bullfrogs
  A gnoll sergeant (D:9)
  A scorpion (Lair:2)
  A necrophage (D:5)
  7 small abominations (Gauntlet)
  19 wights
  An electric eel (Lair:4)
  3 hounds
  4 lava snakes (Volcano)
  7 orc priests
  2 iron imps (Gauntlet)
  Crazy Yiuf (D:3)
  4 iguanas
  Natasha (thrice) (D:2)
  10 orc wizards
  A centaur simulacrum (D:8)
  A gnoll (D:9)
  5 adders
  2 shadow imps
  2 worms
  A dart slug (D:2)
  23 orcs
  7 ball pythons
  9 endoplasms
  A giant cockroach (D:1)
  13 goblins
  11 hobgoblins
  7 jackals
  4 quokkas
  5 bats
  A frilled lizard (D:2)
  27 kobolds
  3 rats
324 creatures vanquished.

Vanquished Creatures (collateral kills)
  2 hydras
  2 boulder beetles
  A two-headed ogre (Orc:1)
  2 death yaks (Lair:2)
  Sonja (D:10)
  Lodul (D:10)
  2 orc knights
  An ugly thing (D:11)
  3 orc sorcerers (Orc:1)
  3 elephants (Lair:4)
  3 black mambas
  A cane toad (Lair:3)
  5 komodo dragons
  A rime drake (Lair:2)
  2 trolls
  2 dream sheep (Lair:4)
  A vampire (D:9)
  9 yaks
  A shadow (D:11)
  2 basilisks
  A wyvern (D:9)
  A vampire mosquito (D:11)
  3 wargs (Orc:1)
  An acid dragon (D:10)
  3 water moccasins
  An ice beast (D:8)
  6 orc warriors
  2 ogres (Orc:1)
  9 wolves
  2 centaurs
  2 kobold brigands
  2 bullfrogs
  A hornet simulacrum (D:8)
  A howler monkey (D:10)
  3 orc priests
  An orc wizard (D:11)
  4 gnolls
  2 white imps (D:8)
  2 howler monkey simulacra (D:8)
  11 orcs
  2 goblins (Bailey)
  12 kobolds
117 creatures vanquished.

Vanquished Creatures (others)
  An orc sorcerer (Orc:1)
  15 orc warriors
  5 orc wizards
  6 orc priests
  44 orcs
  An endoplasm (D:3)
  A bush (D:9)
  7 demonic plants (Gauntlet)
  26 fungi
  47 plants
153 creatures vanquished.

Grand Total: 594 creatures vanquished

Notes
Turn   | Place    | Note
-------+----------+-------------------------------------------
     0 | D:1      | avis the Hill Orc Monk began the quest for the Orb.
     0 | D:1      | Reached XP level 1. HP: 19/19 MP: 1/1
   158 | D:1      | Reached XP level 2. HP: 14/27 MP: 2/2
   727 | D:1      | You fall into a shaft and drop 1 floor!
   759 | D:1      | Found a faded altar of an unknown god.
   892 | D:1      | Reached XP level 3. HP: 27/33 MP: 3/3
  1378 | D:2      | Reached skill level 5 in Axes
  1938 | D:2      | Reached XP level 4. HP: 40/40 MP: 4/4
  1964 | D:2      | Noticed Sigmund
  1971 | D:2      | HP: 2/40 [something (6)]
  1980 | D:2      | Killed Sigmund
  1981 | D:2      | Reached skill level 5 in Fighting
  1981 | D:2      | Reached skill level 6 in Axes
  1981 | D:2      | Reached XP level 5. HP: 18/48 MP: 5/5
  2263 | D:2      | Noticed Natasha
  2270 | D:2      | Reached skill level 7 in Axes
  2270 | D:2      | Reached XP level 6. HP: 56/56 MP: 6/6
  2276 | D:2      | Killed Natasha
  2287 | D:2      | Noticed Natasha
  2292 | D:2      | Killed Natasha
  2648 | D:2      | Noticed Natasha
  2654 | D:2      | Killed Natasha
  2955 | D:3      | Became a worshipper of Beogh the Brigand
  2955 | D:3      | Reached * piety under Beogh
  2955 | D:3      | Reached ** piety under Beogh
  3728 | D:3      | Found a runed translucent door.
  3729 | D:3      | Noticed Crazy Yiuf
  3743 | D:3      | Killed Crazy Yiuf
  3763 | D:3      | Identified the +7 mace "Beosh" {freeze, *Rage rCorr MP+9
                  | Dex-4}
  4394 | D:4      | Reached skill level 8 in Axes
  4722 | D:4      | Reached skill level 1 in Invocations
  4722 | D:4      | Reached XP level 7. HP: 62/62 MP: 7/7
  5221 | D:5      | Entered Level 5 of the Dungeon
  5240 | D:5      | Identified the +2 ring mail of Lucidity {rF+ Str+4 Int+3}
  5704 | D:5      | Reached skill level 9 in Axes
  6050 | D:5      | Noticed a steam dragon
  6055 | D:5      | Noticed a steam dragon
  6061 | D:5      | Killed a steam dragon
  6062 | D:5      | Reached XP level 8. HP: 49/71 MP: 10/10
  6544 | D:6      | Reached skill level 10 in Axes
  6948 | D:6      | Found a staircase to the Ecumenical Temple.
  6955 | Temple   | Entered the Ecumenical Temple
  7155 | D:6      | Reached skill level 5 in Invocations
  7363 | D:6      | Reached skill level 11 in Axes
  7540 | D:6      | Noticed Eustachio
  7551 | D:6      | Killed Eustachio
  7552 | D:6      | Reached XP level 9. HP: 74/81 MP: 3/12
  7870 | D:6      | Found a shadowy altar of Dithmenos.
  8026 | D:7      | Noticed Prince Ribbit
  8040 | D:6      | Killed Prince Ribbit
  8041 | D:6      | Reached skill level 12 in Axes
  8083 | D:7      | Noticed Joseph
  8554 | D:7      | Killed Joseph
  8938 | D:7      | Reached skill level 13 in Axes
  8944 | D:7      | Reached *** piety under Beogh
  9290 | D:7      | Reached skill level 14 in Axes
  9290 | D:7      | Reached XP level 10. HP: 93/93 MP: 7/13
  9294 | D:7      | Reached skill level 10 in Fighting
  9903 | D:8      | Noticed Grum
  9913 | D:7      | Killed Grum
 10191 | D:8      | Reached skill level 15 in Axes
 10240 | D:8      | Noticed Erica
 10246 | D:8      | HP: 4/94 [Erica/+2 scimitar of flaming (4)]
 10248 | D:8      | Killed Erica
 10336 | D:8      | Found a flagged portal.
 10367 | Bailey   | Entered a bailey
 10578 | Bailey   | Noticed an orc knight
 10587 | Bailey   | Killed an orc knight
 10588 | Bailey   | Reached skill level 16 in Axes
 10610 | Bailey   | Reached **** piety under Beogh
 11529 | Temple   | Upgraded the game from 0.29-a0-398-ge13fd1374b to
                  | 0.29-a0-409-gd843f3a48c
 12036 | D:8      | Found a runed translucent gate.
 12036 | D:8      | Found a runed translucent gate.
 12036 | D:8      | Found a runed translucent gate.
 12078 | D:8      | Gained Worak as an ally
 12306 | D:8      | Noticed Psyclone's ghost (novice OpIE)
 12701 | D:8      | Killed Psyclone's ghost
 12702 | D:8      | Reached XP level 11. HP: 36/104 MP: 10/14
 12725 | D:8      | Got the ring "Roreilan" {Fire Slay+3}
 13450 | D:9      | Found a staircase to the Lair.
 13471 | D:9      | Reached skill level 17 in Axes
 13986 | D:9      | Found Surieza's Weapon Shop.
 13988 | D:9      | Found Jigomp Apruz's Weapon Shoppe.
 13988 | D:9      | Found Kaiczauv's Jewellery Boutique.
 14185 | D:9      | Noticed Maggie
 14196 | D:9      | Killed Maggie
 14392 | Lair:1   | Entered Level 1 of the Lair of Beasts
 14402 | Lair:1   | Noticed a boulder beetle
 14411 | Lair:1   | Killed a boulder beetle
 14437 | Lair:1   | Noticed a four-headed hydra
 14446 | Lair:1   | Killed a four-headed hydra
 14605 | Lair:1   | Noticed a seven-headed hydra
 14612 | Lair:1   | Killed a seven-headed hydra
 14612 | Lair:1   | Reached ***** piety under Beogh
 14946 | Lair:1   | Found a runed translucent door.
 14947 | Lair:1   | Noticed Rucothra's ghost (journeyman DjFE)
 16376 | Lair:2   | Gained Bogfrid as an ally
 16378 | Lair:2   | Reached skill level 18 in Axes
 16604 | Lair:2   | Noticed a death yak
 16605 | Lair:2   | Noticed a death yak
 16606 | Lair:2   | Noticed a death yak
 16606 | Lair:2   | Noticed a death yak
 16610 | Lair:2   | Killed a death yak
 16611 | Lair:2   | Reached XP level 12. HP: 101/118 MP: 15/15
 16612 | Lair:2   | Killed a death yak
 16618 | Lair:2   | Killed a death yak
 16621 | Lair:2   | Killed a death yak
 16950 | D:10     | Entered Level 10 of the Dungeon
 16971 | D:10     | Noticed Lodul
 17414 | D:10     | Noticed a two-headed ogre
 17660 | D:9      | Killed a two-headed ogre
 17997 | D:9      | Reached skill level 19 in Axes
 18006 | D:10     | Killed Lodul
 18007 | D:10     | Reached skill level 15 in Fighting
 18065 | D:10     | Noticed a seven-headed hydra
 18071 | D:9      | Your ally Worak died
 18071 | D:9      | Killed a seven-headed hydra
 18691 | D:10     | Noticed Sonja
 18696 | D:10     | Killed Sonja
 19249 | D:11     | Reached skill level 1 in Maces & Flails
 19465 | D:11     | HP: 6/121 [orc knight/+0 broad axe (7)]
 19467 | D:11     | HP: 2/121 [centaur (4)]
 19486 | D:11     | Found a gate leading to a gauntlet.
 19495 | Gauntlet | Entered a Gauntlet
 19495 | Gauntlet | Found a transporter.
 19495 | Gauntlet | Found a transporter.
 19499 | Gauntlet | Found a transporter.
 19499 | Gauntlet | Found a transporter.
 19504 | Gauntlet | Noticed a thrashing horror
 19506 | Gauntlet | Found a transporter.
 19517 | Gauntlet | Noticed a great orb of eyes
 19529 | Gauntlet | Found a transporter.
 19549 | Gauntlet | Found a transporter.
 19558 | Gauntlet | Found a transporter.
 19558 | Gauntlet | Found a transporter.
 19558 | Gauntlet | Found a transporter.
 19559 | Gauntlet | Noticed a ghost crab
 19561 | Gauntlet | Found a transporter.
 19578 | Gauntlet | Noticed a thrashing horror
 19582 | Gauntlet | Noticed a thrashing horror
 19583 | Gauntlet | Found a transporter.
 19681 | Gauntlet | Found a transporter.
 19701 | Gauntlet | Found a transporter.
 19813 | Gauntlet | Found a transporter.
 19820 | Gauntlet | Noticed a cacodemon
 19827 | Gauntlet | Found a transporter.
 20337 | Gauntlet | Killed a thrashing horror
 20341 | Gauntlet | Identified the ring "Earthly Heaven" {rElec rN+ rCorr MP-9
                  | Int+3}
 20358 | Gauntlet | Identified the +1 leather armour "Qotaustra" {rN++ Str+7
                  | Dex-3}
 20406 | Gauntlet | Killed a thrashing horror
 20407 | Gauntlet | Killed a thrashing horror
 20408 | Gauntlet | Reached skill level 5 in Maces & Flails
 20409 | Gauntlet | Reached XP level 13. HP: 111/127 MP: 16/16
 20428 | Gauntlet | Identified the ring of Xom's Entertainment {rPois rCorr
                  | Int+6}
 20490 | Gauntlet | Noticed a minotaur
 20500 | Gauntlet | Killed a minotaur
 20501 | Gauntlet | Reached skill level 5 in Dodging
 21105 | D:11     | Found a roughly hewn altar of Beogh.
 21295 | D:11     | Reached skill level 1 in Armour
 21313 | D:11     | Found a staircase to the Orcish Mines.
 21755 | Lair:2   | Reached ****** piety under Beogh
 22154 | Lair:3   | Found a dark tunnel.
 22159 | Volcano  | Entered a volcano
 22451 | Volcano  | Found a bloodstained altar of Trog.
 22514 | Volcano  | Identified the +3 morningstar "Kisaesh" {flame, rC+ Str+4
                  | Dex+2}
 23082 | Orc:1    | Entered Level 1 of the Orcish Mines
 23180 | Orc:2    | Entered Level 2 of the Orcish Mines
 23206 | Orc:2    | Found Atucet's General Store.
 23206 | Orc:2    | Noticed a stone giant
 23334 | Orc:2    | Killed a stone giant
 24277 | Lair:3   | Found a staircase to the Snake Pit.
 24289 | Lair:3   | Gained Orik as an ally
 24817 | Lair:3   | Found a staircase to the Shoals.
 24913 | Lair:3   | Reached skill level 5 in Armour
 25479 | Lair:4   | Gained Garbold as an ally
 25691 | Orc:2    | Bought a scroll of enchant weapon for 97 gold pieces
 25699 | Orc:1    | Noticed an orc warlord
 25699 | Orc:1    | Found Qeys's Book Boutique.
 25886 | Orc:1    | Found Evud's Antique Weapon Emporium.
 25983 | Orc:2    | Noticed an ettin
 26001 | Orc:2    | Killed an ettin
 26349 | Orc:1    | Got the Tome of Transformation and Black Rituals
 26357 | Orc:1    | Identified the ring of Morph {rCorr Dex+4}
 26397 | Orc:1    | Noticed an orc warlord
 26403 | Orc:1    | Noticed an orc warlord
 26412 | Orc:1    | Found Alofigosh's Weapon Emporium.
 26418 | Orc:1    | Reached XP level 14. HP: 37/139 MP: 20/20
 26536 | Orc:1    | Identified the ring "Humnimes" {*Corrode rN+ Will+ Dex+7
                  | Stlth+}
 26543 | Orc:1    | HP: 7/140 [orc knight/+0 vorpal long sword (4)]
 26543 | Orc:1    | Demolished by an orc warlord

Illustrated notes

Levels and vault maps discovered:
D:1:      lemuel_arrival_broad_hall, layout_loops_ring,
          ebering_ecumenical_altar_hall, minmay_misc_feat_columns,
          amcnicky_mini_rare_corridor_liquid, serial_park_tiny_1
D:2:      layout_loops_ring, uniq_natasha, uniq_sigmund
D:3:      layout_basic, uniq_crazy_yiuf_cottage
D:4:      layout_loops_cross, serial_bayou, serial_bayou_lake_a,
          serial_bayou_shore_a, serial_bayou_pond_d, serial_bayou_ford_a,
          serial_bayou_shore_b, serial_bayou_pond_d
D:5:      kennysheep_steamy, layout_rooms, minmay_strange_pillars
D:6:      layout_loops_ring, nicolae_dithmenos_through_a_glass_darkly,
          minmay_temple_entry_fiery, grunt_decor_clamped, uniq_eustachio
D:7:      layout_rooms, uniq_joseph, uniq_prince_ribbit1
D:8:      layout_gridville, gammafunk_ghost_icy, enter_bailey_5, uniq_erica,
          uniq_grum
D:9:      layout_irregular_city, minmay_lair_entry_grove, minivault_24,
          nicolae_wooded_promenade, uniq_maggie
D:10:     layout_small_grid, chequers_serial_rivers_micro_c, uniq_sonja,
          uniq_lodul
D:11:     layout_rooms, hiddenorc2_lemuel, gauntlet_entry_generic, special_room
          [special_room_orc]
Temple:   minmay_crystal_snake_temple
Lair:1:   layout_small_grid, ebering_ghost_inner_flame, nzn_sisyphean_effort
Lair:2:   layout_chaotic_city
Lair:3:   layout_regular_city, minmay_shoals_entry_beasts,
          guppyfry_snake_entry_garden, enter_volcano_4, serial_bayou_crossing,
          infiniplex_staircase_pool_2, grunt_megastairs_5
Lair:4:   layout_loops_ring, nicolae_lair_lakeside_cave, grunt_megastairs_1,
          infiniplex_staircase_pool, uniq_snorg
Orc:1:    layout_caves, serial_shops, shop_statue,
          nicolae_shop_bloodbath_and_beyond, shop_statue, library_closet,
          minmay_orc_treasury
Orc:2:    grunt_orc_gardens, layout_caves, grunt_orc_garden, grunt_orc_garden,
          grunt_orc_garden, grunt_orc_garden, serial_shops, shop,
          nooodl_orcs_dogs, uniq_nessos, uniq_josephine

Skill      XL: |  1  2  3  4  5  6  7  8  9 10 11 12 13 14 |
---------------+-------------------------------------------+-----
Fighting       | 4 5 6 8 9 12 14 15 17 | 17.2
Axes           | 5 6 7 8 9 11 14 16 18 19 | 19.3
Dodging        | 3 4 5 |  5.0
Invocations    | 1 3 5 8 9 |  9.1
Maces & Flails | 5 7 |  7.7
Armour         | 5 |  5.0
Stealth        | |  1.5

Action                   |  1- 3 |  4- 6 |  7- 9 | 10-12 | 13-15 || total
-------------------------+-------+-------+-------+-------+-------++-------
Melee: Hand axe          |   141 |       |       |       |       ||   141
       Whip              |     3 |   108 |       |       |       ||   111
       Mace              |       |    18 |   131 |   136 |       ||   285
       War axe           |       |       |       |   163 |       ||   163
       Punch             |       |       |       |     5 |       ||     5
       Broad axe         |       |       |       |    43 |   248 ||   291
 Fire: Hand crossbow     |       |    25 |    75 |    58 |       ||   158
Throw: Dart              |       |       |       |     2 |       ||     2
Invok: Convert to Beogh  |       |     1 |       |       |       ||     1
       Smiting           |       |       |     2 |     1 |     3 ||     6
       Recall Orcish Fol |       |       |       |    11 |    14 ||    25
       Stop Recall       |       |       |       |     3 |     5 ||     8
       Give Item to Name |       |       |       |     2 |     2 ||     4
Evoke: Wand              |       |       |       |    18 |       ||    18
  Use: Potion            |       |     1 |       |     9 |     7 ||    17
       Scroll            |       |       |     2 |    19 |     9 ||    30
 Stab: Distracted        |       |       |       |     5 |     5 ||    10
       Invisible         |       |       |       |     4 |     3 ||     7
Armor: Ring mail         |    30 |       |    46 |   138 |    87 ||   301
       Scale mail        |    38 |    31 |       |       |       ||    69
       Chain mail        |       |    37 |     9 |       |       ||    46
       Skin              |       |       |       |     1 |       ||     1
Dodge: Dodged            |   121 |    49 |    87 |   228 |   116 ||   601
Block: Tower shield      |       |       |       |       |    69 ||    69

Table legend: (Time is in decaauts)
 A = Elapsed time spent in this place.
 B = Non-inter-level travel time spent in this place.
 C = Inter-level travel time spent in this place.
 D = Time resting spent in this place.
 E = Time spent auto-exploring this place.
 F = Levels seen in this place.
 G = Mean time per level.
                   A        B        C        D        E       F      G
               +--------+--------+--------+--------+--------+-----+--------+
         Total |  26950 |  23519 |   3431 |   8301 |   8068 |  21 | 1283.3 |
       Dungeon |  17800 |  15092 |   2708 |   5462 |   6029 |  11 | 1618.2 |
        Temple |    149 |    144 |      5 |      0 |      0 |   1 |  149.0 |
          Lair |   4583 |   3886 |    697 |    527 |   2017 |   4 | 1145.8 |
  Orcish Mines |   1473 |   1453 |     20 |    714 |      0 |   2 |  736.5 |
        Bailey |   1011 |   1011 |      0 |    693 |     22 |   1 | 1011.0 |
       Volcano |    691 |    691 |      0 |    275 |      0 |   1 |  691.0 |
      Gauntlet |   1240 |   1240 |      0 |    629 |      0 |   1 | 1240.0 |
               +--------+--------+--------+--------+--------+-----+--------+

Top non-repeatable levels by time:
     D:9: 2945 daAuts
     D:6: 2709 daAuts
  Lair:1: 1976 daAuts
     D:8: 1909 daAuts
     D:7: 1648 daAuts
     D:1: 1571 daAuts
     D:3: 1310 daAuts
     D:2: 1304 daAuts
   Orc:1: 1254 daAuts
Gauntlet: 1240 daAuts
  Lair:3: 1236 daAuts
     D:4: 1233 daAuts
  Lair:2: 1211 daAuts
     D:5: 1209 daAuts
    D:10: 1103 daAuts
